 Dungeon Sprint DCSS version 0.28-a0-1429-gf3d713df7a (webtiles) character file.

Game seed: 13419202406524089577

1411 mhtbhm the Cleaver (level 8, -3/123 HPs)
             Began as a Purple Draconian Berserker on Jan 9, 2022.
             Was a High Priest of Trog.
             Slain by a two-headed ogre (22 damage)
             ... in the Dungeon (Sprint III: "The Ten Rune Challenge").
             The game lasted 00:01:45 (1430 turns).

mhtbhm the Cleaver (Purple Draconian Berserker)     Turns: 1430, Time: 00:01:46

Health: -3/123     AC:  9    Str: 19    XL:     8   Next: 43%
Magic:  2/2        EV: 15    Int:  7    God:    Trog [*****.]
Gold:   45         SH:  0    Dex: 12    Spells: 7/7 levels left

rFire   . . .      SeeInvis .   a - +3 battleaxe (antimagic)
rCold   . . .      Faith    .   (shield currently unavailable)
rNeg    . . .      Spirit   .   (armour unavailable)
rPois   .          Reflect  .   (helmet restricted)
rElec   .          Harm     .   i - +1 cloak
rCorr   .          Rampage  .   (no gloves)
Will    +....      NoTele   +   g - +0 pair of boots
Stlth   ..........              (no amulet)
HPRegen 0.30/turn               (no ring)
MPRegen 0.08/turn               (no ring)

@: berserking (expiring), very quick
A: breathe power, AC +6, unfitting armour, cold-blooded, stinger 1, weak 1, wild
magic 1
a: Breathe Dispelling Energy, Renounce Religion, Berserk, Trog's Hand, Brothers
in Arms


You were in the Dungeon.
You worshipped Trog.
Trog was extremely pleased with you.
You visited 1 branch You collected 45 gold pieces.

Inventory:

Hand Weapons
 a - a +3 antimagic battleaxe (weapon)
Armour
 g - a +0 pair of boots (worn)
 i - a +1 cloak (worn)
Scrolls
 h - a scroll of brand weapon {unknown}
 j - 2 scrolls of immolation {unknown}
 k - 3 scrolls of identify
Potions
 b - 2 potions of curing
 c - a potion of heal wounds
 d - a potion of haste
 e - 2 potions of magic
 f - 2 potions of berserk rage
 l - 2 potions of flight {unknown}
 m - 4 potions of mutation
Miscellaneous
 n - a piece from Xom's chessboard (15/15)


   Skills:
 + Level 11.3 Fighting
 + Level 12.4 Axes
 + Level 9.0 Dodging
 + Level 5.3 Stealth


You had 7 spell levels left.
You didn't know any spells.
Your spell library was empty.

Dungeon Overview and Level Annotations

Branches:
Dungeon (1/1)

Altars:
Cheibriados
Dithmenos
Elyvilon
Fedhas
Gozag
Hepliaklqana
Kikubaaqudgha
Makhleb
Nemelex Xobeh
Okawaru
Qazlal
Ru
Sif Muna
Trog
Uskayaw
Vehumet
Wu Jian
Xom
Yredelemnul
Zin
The Shining One
Beogh
Jiyva
Lugonu


Innate Abilities, Weirdness & Mutations

You can breathe bolts of dispelling energy.
Your rich purple scales are hard. (AC +6)
You cannot fit into any form of body armour.
You are cold-blooded and may be slowed by cold attacks.
Your tail ends in a venomous barb.
You are weak. (Str -2)
Your spells are a little harder to cast, but a little more powerful.


Message History

The two-headed ogre closely misses you.
The two-headed ogre hits you with a +0 giant club!!
A two-headed ogre comes into view. It is wielding two +0 giant clubs.
The two-headed ogre shouts in stereo!
You slice the two-headed ogre!!
You kill the two-headed ogre!
Trog accepts your kill.
The two-headed ogre hits you with a +0 dire flail!
The two-headed ogre hits you with a +0 giant club!!
Things that are here:
a +0 giant club; a +0 giant club; a two-headed ogre corpse Unknown command.
You are too injured to fight recklessly!
You are too injured to fight recklessly!
You are too injured to fight recklessly!
You slash the two-headed ogre!
The two-headed ogre is heavily wounded.
You barely miss the two-headed ogre. The two-headed ogre closely misses you.
The two-headed ogre hits you with a +0 giant club!!
* * * LOW HITPOINT WARNING * * *
You slice the two-headed ogre!!
You kill the two-headed ogre!
Trog accepts your kill.
You slash the two-headed ogre! The two-headed ogre closely misses you.
The two-headed ogre hits you with a +0 giant club!
* * * LOW HITPOINT WARNING * * *
Your Dodging skill increases to level 9!
Things that are here:
a +0 giant club; a +0 giant club You feel a strong urge to attack something.
The two-headed ogre closely misses you. x2
Things that are here:
a +0 giant club; a +0 giant club; a two-headed ogre corpse You barely miss the two-headed ogre.
The two-headed ogre is moderately wounded.
You slice the two-headed ogre!! You tail-slap the two-headed ogre.
The two-headed ogre is almost dead.
The two-headed ogre completely misses you.
The two-headed ogre hits you with a +0 giant club!!
You die...

#___#___#__#
#...#__)#._#
###'#'###)##
#..........#
'.⌠.....)..#
#...######'#
#)⌠.#__#...#+######
#...#__#...#....#O#
#)###__#...##.#.@#
#.::#__#...'##.#)#
#___#__'...#...#..#
▓▓▓▓▓▓▓▓▓▓▓▓▓▓▓▓▓▓▓


You could see a two-headed ogre.

Vanquished Creatures
  A deep elf pyromancer (D)
  A shadow (D)
  A spatial vortex (D)
  A necrophage (D)
  2 two-headed ogres (D)
  A water elemental (D)
  Crazy Yiuf (D)
  A jelly (D)
  Jessica (D)
  A necromancer (D)
  A kobold demonologist (D)
  3 humans (D)
  An endoplasm (D)
  2 rats (D)
18 creatures vanquished.

Vanquished Creatures (others)
  A wizard (D)
1 creature vanquished.

Grand Total: 19 creatures vanquished

Notes
Turn   | Place    | Note
-------+----------+-------------------------------------------
     0 | D        | mhtbhm the Draconian Berserker began the quest for the Orb.
     0 | D        | Reached XP level 1. HP: 19/19 MP: 1/1
    15 | D        | Noticed Jessica
    16 | D        | Reached ** piety under Trog
    25 | D        | Killed Jessica
    26 | D        | Reached skill level 4 in Axes
    26 | D        | Reached XP level 2. HP: 16/28 MP: 2/2
    26 | D        | Reached XP level 3. HP: 20/35 MP: 3/3
   191 | D        | Reached skill level 5 in Fighting
   191 | D        | Reached skill level 5 in Axes
   359 | D        | Noticed Crazy Yiuf
   365 | D        | Killed Crazy Yiuf
   366 | D        | Reached skill level 1 in Stealth
   366 | D        | Reached XP level 4. HP: 44/44 MP: 4/4
   434 | D        | Gained mutation: You are weak. (Str -2) [potion of
                  | mutation]
   434 | D        | Gained mutation: Your spells are a little harder to cast,
                  | but a little more powerful. [potion of mutation]
   434 | D        | Gained mutation: Your tail ends in a venomous barb. [potion
                  | of mutation]
   454 | D        | Noticed a water elemental
   461 | D        | Killed a water elemental
   461 | D        | Reached *** piety under Trog
   462 | D        | Reached skill level 6 in Axes
   462 | D        | Reached skill level 5 in Dodging
   537 | D        | Found a basalt altar of Yredelemnul.
   537 | D        | Found a shadowy altar of Dithmenos.
   537 | D        | Found a sacrificial altar of Ru.
   537 | D        | Noticed a necrophage
   542 | D        | Reached skill level 7 in Axes
   542 | D        | Reached XP level 5. HP: 52/52 MP: 5/5
   553 | D        | Killed a necrophage
   554 | D        | Reached skill level 8 in Axes
   637 | D        | Found a radiant altar of Vehumet.
   637 | D        | Found a shimmering blue altar of Sif Muna.
   637 | D        | Found an ancient bone altar of Kikubaaqudgha.
   642 | D        | Noticed a rust devil
   646 | D        | Reached **** piety under Trog
   648 | D        | Reached XP level 6. HP: 61/61 MP: 6/6
   690 | D        | Found a glowing silver altar of Zin.
   690 | D        | Found a glowing golden altar of the Shining One.
   690 | D        | Found a white marble altar of Elyvilon.
   691 | D        | Noticed a deep elf pyromancer
   697 | D        | Noticed a fire elemental
   701 | D        | Killed a deep elf pyromancer
   702 | D        | Reached skill level 10 in Fighting
   702 | D        | Reached skill level 10 in Axes
   702 | D        | Your scales start taking on a rich purple colour.
   702 | D        | Reached XP level 7. HP: 22/72 MP: 7/7
   938 | D        | Found a hide-covered altar of Uskayaw.
   938 | D        | Found an iron altar of Okawaru.
   938 | D        | Found a bloodstained altar of Trog.
   938 | D        | Found an ornate altar of the Wu Jian Council.
   938 | D        | Noticed a human
   939 | D        | Noticed a human
   949 | D        | Killed a human
   950 | D        | Reached skill level 11 in Axes
   955 | D        | Killed a human
   955 | D        | Reached ***** piety under Trog
  1026 | D        | Noticed a shadow
  1036 | D        | Killed a shadow
  1037 | D        | Reached XP level 8. HP: 54/82 MP: 8/8
  1229 | D        | Found a blossoming altar of Fedhas.
  1229 | D        | Found a stormy altar of Qazlal.
  1229 | D        | Found a snail-covered altar of Cheibriados.
  1229 | D        | Found a burning altar of Makhleb.
  1229 | D        | Found a shimmering altar of Xom.
  1230 | D        | Found a hazy altar of Hepliaklqana.
  1230 | D        | Found an opulent altar of Gozag.
  1230 | D        | Found a sparkling altar of Nemelex Xobeh.
  1230 | D        | Found a corrupted altar of Lugonu.
  1230 | D        | Found a viscous altar of Jiyva.
  1242 | D        | Received a gift from Trog
  1243 | D        | Reached skill level 12 in Axes
  1243 | D        | Reached skill level 5 in Stealth
  1430 | D        | Slain by a two-headed ogre

Illustrated notes

Levels and vault maps discovered:
D:        dungeon_sprint_mu [sprint_mu_entry_forest, sprint_mu_temple_rooms,
          sprint_mu_d1_spiders, sprint_mu_d2_genie, sprint_mu_d3_branching,
          sprint_mu_orc_legion, sprint_mu_elf_gauntlet, sprint_mu_hive_nellie,
          sprint_mu_lair_fedhas, sprint_mu_vaults_butterflies,
          sprint_mu_slime_circle, sprint_mu_swamp_cave, sprint_mu_shoals_kraken,
          sprint_mu_blade_basic, sprint_mu_crypt_lich, sprint_mu_tomb_spiral,
          sprint_mu_vestibule_basic, sprint_mu_gehenna_hellfire,
          sprint_mu_dis_giant, sprint_mu_tartarus_statrot,
          sprint_mu_cocytus_islands, sprint_mu_zot1]

Skill      XL: |  1  2  3  4  5  6  7  8 |
---------------+-------------------------+-----
Dodging        | 3 4 5 6 8 9 |  9.0
Fighting       | 4 5 7 8 10 11 | 11.3
Axes           | 4 5 7 8 10 11 12 | 12.4
Stealth        | 1 2 3 4 5 |  5.3

Action                   |  1- 3 |  4- 6 |  7- 9 || total
-------------------------+-------+-------+-------++-------
Melee: Hand axe          |    33 |    38 |    30 ||   101
       Tailslap          |     4 |     6 |     7 ||    17
       Punch             |     1 |     1 |       ||     2
       Battleaxe         |       |       |     8 ||     8
Invok: Berserk           |     2 |     2 |     3 ||     7
  Use: Potion            |       |     1 |       ||     1
       Scroll            |       |     1 |       ||     1
 Stab: Sleeping          |     1 |     1 |     3 ||     5
Armor: Skin              |     5 |    12 |     2 ||    19
Dodge: Dodged            |    17 |    13 |    26 ||    56

Table legend: (Time is in decaauts)
 A = Elapsed time spent in this place.
 B = Non-inter-level travel time spent in this place.
 C = Inter-level travel time spent in this place.
 D = Time resting spent in this place.
 E = Time spent auto-exploring this place.
 F = Levels seen in this place.
 G = Mean time per level.
                   A        B        C        D        E       F      G
               +--------+--------+--------+--------+--------+-----+--------+
         Total |   1477 |   1477 |      0 |   1153 |      1 |   1 | 1477.0 |
       Dungeon |   1477 |   1477 |      0 |   1153 |      1 |   1 | 1477.0 |
               +--------+--------+--------+--------+--------+-----+--------+

Top non-repeatable levels by time:
       D: 1477 daAuts
